 Dungeon Crawl Stone Soup version 0.17.0-15-g6d90897 (console) character file.

45 gw the Conjurer (level 3, 0/20 HPs)
             Began as a Tengu Conjurer on Nov 10, 2015.
             Slain by Sigmund
             ... wielding a +0 scythe
              (2 damage)
             ... on level 2 of the Dungeon.
             The game lasted 00:01:16 (1489 turns).

gw the Conjurer (Tengu Conjurer)                    Turns: 1489, Time: 00:01:16

Health: 0/20       AC:  2    Str:  8    XL:     3   Next: 64%
Magic:  0/7        EV: 13    Int: 16    God:
Gold:   60         SH:  0    Dex: 14    Spells: 3 memorised, 1 level left

rFire  . . .     SeeInvis .     b - +0 whip
rCold  . . .     Clarity  .     a - +0 robe
rNeg   . . .     SustAt   .     (no shield)
rPois  .         Gourm    .     (helmet restricted)
rElec  .         Spirit   .     (no cloak)
rCorr  .         Warding  .     (no gloves)
rMut   .         Stasis   .     (boots unavailable)
MR     .....                    (no amulet)
Stlth  ++........               (no ring)
                                (no ring)

@: very slightly contaminated, not resistant to hostile enchantments, unstealthy
A: beak, talons 3
a: no special abilities


You were on level 2 of the Dungeon.
You were not hungry.

You visited 1 branch of the dungeon, and saw 2 of its levels.

You collected 60 gold pieces.

Inventory:

Hand Weapons
 b - a +0 whip (weapon)
Missiles
 d - 11 poisoned needles
 e - 30 stones (quivered)
Armour
 a - a +0 robe (worn)
Books
 f - a book of Conjurations

   Spells                             Type                      Level
   a - Magic Dart                     Conjuration                  1
   b - Searing Ray                    Conjuration                  2
   c - Dazzling Spray                 Conjuration/Hexes            3
   d - Fulminant Prism                Conjuration/Hexes            4
   e - Iskenderun's Mystic Blast      Conjuration                  4
   f - Iskenderun's Battlesphere      Conjuration/Charms           5
Comestibles
 c - 2 bread rations


   Skills:
 + Level 1.2 Fighting
 + Level 0.9 Maces & Flails
 + Level 2.8 Dodging
 - Level 2.0 Stealth
 * Level 2.6 Spellcasting
 + Level 5.4 Conjurations


You had one spell level left.
You knew the following spells:

 Your Spells              Type           Power        Failure   Level  Hunger
a - Magic Dart            Conj           ###.         1%          1    #......
b - Searing Ray           Conj           ###...       3%          2    ##.....
c - Dazzling Spray        Conj/Hex       ##......     21%         3    ###....


Dungeon Overview and Level Annotations

Branches:
Dungeon (2/15)

Altars:
Gozag

Annotations:
D:2 Sigmund


Innate Abilities, Weirdness & Mutations

You have a beak for a mouth.
You have claws for feet.


Message History

You claw the goblin, but do no damage. Your peck misses the goblin.
The goblin hits you but does no damage. The rat bites you. Something hits you!
Ouch! That really hurt!
Unknown command.
Unknown command.
Unknown command.
Unknown command.
ATTACK MOVE TO (0,-1)
You hit the goblin.
You kill the goblin!
The rat bites you.
Unknown command.
Unknown command.
Unknown command.
Unknown command.
ATTACKING (0,-1)
You hit the ooze.
The ooze is lightly wounded.
Something hits you.
You die...

#.# ...# ##..# # ...###
?. .##...... #.
#b....... # #. #Jr......
. #. .. #Q# #.#.
..#####.# .# #.#.
........#####.##....#...
..............##.##.# #.
..............##.##.# #.
........<...!.##.##.# ##
.......(..?...#.?...####
...........#####....##..
...[.$....)#8..#........


You could see an ooze, a bat and a rat.

Table legend:
 A = Turns spent in this place as a percentage of turns spent in the entire game.
 B = Non-inter-level travel turns spent in this place as a percentage of non-inter-level travel turns spent in the entire game.
 C = Inter-level travel turns spent in this place as a percentage of turns spent in this place.
 D = Turns resting spent in this place as a percentage of non-inter-level travel turns spent in this place.
 E = Turns spent auto-exploring this place as a percentage of non-inter-level travel turns spent in this place.
 F = Non-inter-level travel turns spent in this place divided by the number of levels of this place that you've seen.
                   A       B       C       D       E      F
               +-------+-------+-------+-------+-------+----------------------
         Total | 100.0 | 100.0 |   0.4 |   3.5 |   2.5 | 943.5
       Dungeon | 100.0 | 100.0 |   0.4 |   3.5 |   2.5 | 943.5
               +-------+-------+-------+-------+-------+----------------------

Table legend:
 A = Kills in this place as a percentage of kills in entire the game.
 B = Kills by you in this place as a percentage of kills by you in the entire game.
 C = Kills by friends in this place as a percentage of kills by friends in the entire game.
 D = Other kills in this place as a percentage of other kills in the entire game.
 E = Experience gained in this place as a percentage of experience gained in the entire game.
 F = Experience gained in this place divided by the number of levels of this place that you have seen.
                   A       B       C       D       E      F
               +-------+-------+-------+-------+-------+----------------------
         Total | 100.0 | 100.0 |  -nan |  -nan | 100.0 |  32.5
       Dungeon | 100.0 | 100.0 |  -nan |  -nan | 100.0 |  32.5
               +-------+-------+-------+-------+-------+----------------------

Vanquished Creatures
  An adder (D:2)
  A worm (D:2)
  5 goblins
  6 hobgoblins (D:1)
  2 jackals (D:2)
  5 kobolds
  A ball python (D:2)
  3 bats
  2 giant cockroaches
  6 rats
32 creatures vanquished.

Notes
Turn   | Place    | Note
--------------------------------------------------------------
     0 | D:1      | gw the Tengu Conjurer began the quest for the Orb.
     0 | D:1      | Reached XP level 1. HP: 10/10 MP: 4/4
   203 | D:1      | Reached XP level 2. HP: 15/15 MP: 3/6
   235 | D:1      | Learned a level 2 spell: Searing Ray
   789 | D:2      | Reached skill level 1 in Fighting
   821 | D:2      | Reached XP level 3. HP: 7/20 MP: 0/7
  1026 | D:2      | Learned a level 3 spell: Dazzling Spray
  1321 | D:2      | Found an opulent altar of Gozag.
  1474 | D:2      | Noticed Sigmund
  1489 | D:2      | Slain by Sigmund

Action                   || total
-------------------------++-------
Melee: Whip              ||     9
Throw: Stone             ||    10
 Cast: Magic Dart        ||    57
       Dazzling Spray    ||     7
  Eat: Chunk             ||     3

Vault maps used:
D:1:      mainiacjoe_arrival_reflecting_pool
D:2:      grunt_gozag_breadcrumbs, minmay_vboxes, uniq_sigmund, uniq_terence
